 Dungeon Crawl Stone Soup version 0.30-a0-1160-g6e42c06551 (webtiles) character file.

Game seed: 755025229192297225

13 xian the Sneak (level 2, 0/15 HPs)
             Began as a Tengu Enchanter on Apr 27, 2023.
             Slain by a kobold
             ... wielding a +0 whip
              (6 damage)
             ... on level 1 of the Dungeon.
             The game lasted 00:01:09 (343 turns).

xian the Sneak (Tengu Enchanter)                     Turns: 343, Time: 00:01:10

Health: 0/15       AC:  0    Str:  8    XL:     2   Next: 37%
Magic:  6/6        EV:  9    Int: 15    God:
Gold:   33         SH:  0    Dex: 14    Spells: 3/5 levels left

rFire   . . .        a - +1 dagger
rCold   . . .        (no shield)
rNeg    . . .        (no body armour)
rPois   .            (helmet restricted)
rElec   .            (no cloak)
rCorr   .            (no gloves)
SInv    .            (boots unavailable)
Will    .....        (no amulet)
Stlth   ++           (no ring)
HPRegen 0.22/turn    (no ring)
MPRegen 0.10/turn

%: no passive effects
@: constricted
A: beak, talons 3
a: no special abilities


You were on level 1 of the Dungeon.
You visited 1 branch of the dungeon, and saw 1 of its levels.

You collected 33 gold pieces.

Inventory:

Hand Weapons
 a - a +1 dagger (weapon)
Missiles
 j - 5 stones (quivered)
Armour
 b - a +0 robe
 h - a +0 ring mail
Scrolls
 d - a scroll of teleportation {unknown}
 f - a scroll of identify {unknown}
 g - a scroll of fog {unknown}
Potions
 c - 2 potions of invisibility
 e - a potion of heal wounds {unknown}
 i - a potion of curing {unknown}
 k - a potion of attraction {unknown}
 l - a potion of degeneration {unknown}


   Skills:
 + Level 1.1 Short Blades
 + Level 2.6 Dodging
 + Level 3.1 Stealth
 + Level 2.0 Spellcasting
 + Level 2.4 Hexes


You had 3 spell levels left.
You knew the following spells:

 Your Spells              Type           Power      Damage    Failure   Level
a - Ensorcelled Hibernat  Hex/Ice        10%        N/A       21%         2

Your spell library contained the following spells:

 Spells                   Type           Power      Damage    Failure   Level
 Confusing Touch          Hex            8%         N/A       24%         3
 Tukima's Dance           Hex            8%         N/A       24%         3
 Dazzling Flash           Conj/Hex       10%        N/A       38%         3


Dungeon Overview and Level Annotations

Branches:
Dungeon (1/15)

Altars:


Innate Abilities, Weirdness & Mutations

You have a beak for a mouth.
You have claws for feet.


Message History

The quokka barely misses you. The goblin barely misses you.
You closely miss the goblin. You claw the goblin.
You kill the goblin!
The quokka bites you. The quokka misses you. The quokka bites you.
Things that are here:
a +0 club; a goblin corpse You hit the quokka.
You claw the quokka. You peck the quokka, but do no damage.
The quokka is almost dead.
The quokka bites you.
* * * LOW HITPOINT WARNING * * *
You hit the quokka.
You kill the quokka!
You see here a quokka corpse.
You see here a quokka corpse.
Things that are here:
a +0 club; a goblin corpse A ball python and a goblin come into view.
You see here a fuming ruby potion.
l - a fuming ruby potion The goblin shouts!
A kobold comes into view. It is wielding a +0 whip.
The goblin closely misses you.
You barely miss the goblin. The goblin hits you with a +0 club.
You hit the goblin but do no damage. You claw the goblin.
You kill the goblin!
The ball python barely misses you. The ball python grabs you.
The ball python constricts you.
Things that are here:
a +0 club; a goblin corpse The ball python's grasp on you weakens, but your attempt to escape fails.
The ball python bites you. The ball python constricts you.
Unknown command.
You barely miss the kobold. Your kick misses the kobold.
Your peck misses the kobold. The ball python bites you.
The ball python constricts you. The kobold misses you.
You barely miss the kobold. Your peck misses the kobold.
The ball python closely misses you. The ball python constricts you.
The kobold hits you with a +0 whip.
You die...

.....#..#######....#
.....##......#.....#
..... ##........†..#
..... ##.......)..#
.... ##.........#
.... ##........#
.... #. #........#
.... #.# #........#
.... #.# #.....@..#
.... #..#....SK..#
#... #.#.......##
#.. #.......## ## .
##.....##
....#....##
#........##
##...#.#..#
#..##.##..#


You could see a ball python and a kobold.

Vanquished Creatures
  2 ball pythons (D:1)
  3 goblins (D:1)
  A hobgoblin (D:1)
  2 kobolds (D:1)
  3 quokkas (D:1)
11 creatures vanquished.

Notes
Turn   | Place    | Note
-------+----------+-------------------------------------------
     0 | D:1      | xian the Tengu Enchanter began the quest for the Orb.
     0 | D:1      | Reached XP level 1. HP: 10/10 MP: 4/4
    56 | D:1      | Reached XP level 2. HP: 8/15 MP: 6/6
   134 | D:1      | Learned a level 2 spell: Ensorcelled Hibernation
   343 | D:1      | Slain by a kobold

Illustrated notes

Levels and vault maps discovered:
D:1:      minmay_arrival_nine_rooms, layout_rooms, minmay_parallelograms,
          minmay_statues_item, nrook_mini_backslash, minmay_tromino_v4_c

Action                     || total
---------------------------++-------
  Melee: Dagger            ||    32
         Kick              ||     9
         Peck              ||     3
  Dodge: Dodged            ||    26

Table legend: (Time is in decaauts)
 A = Elapsed time spent in this place.
 B = Non-inter-level travel time spent in this place.
 C = Inter-level travel time spent in this place.
 D = Time resting spent in this place.
 E = Time spent auto-exploring this place.
 F = Levels seen in this place.
 G = Mean time per level.
                   A        B        C        D        E       F      G
               +--------+--------+--------+--------+--------+-----+--------+
         Total |    341 |    341 |      0 |      0 |    230 |   1 |  341.0 |
       Dungeon |    341 |    341 |      0 |      0 |    230 |   1 |  341.0 |
               +--------+--------+--------+--------+--------+-----+--------+

Top non-repeatable levels by time:
     D:1: 341 daAuts
